Map: Orbital Shipyard

Players

ByuN - Winner!

  • Race: Terran Terran

Lilbow

  • Race: Protoss Protoss

Event: IEM Season 10 - Taipei

VOD

https://www.youtube.com/watch?v=AXMR_g6Bdkw

Description

Time

  • Played on: Jan. 31, 2016, 9:36 p.m.
  • Length: 10:51

All games in this series

Show
View Real Time Build Order
Export as new Build Order

ByuN Terran - Winner!

Build Orders: MMM Bio 

Get SALT Encoding   

  12  0:00  SCV  
  13  0:12  SCV  
  14  0:17  Supply Depot  
  14  0:25  SCV  
  15  0:39  SCV  
  15  0:40  Barracks  
  16  0:44  Refinery  
  16  0:51  SCV  
  17  1:03  SCV  
  18  1:15  SCV  
  19  1:27  Barracks Reactor  
  19  1:28  Orbital Command  
  19  1:40  Command Center  
  19  1:50  Supply Depot  
  19  1:53  SCV  
  20  2:03  Marine x2  
  20  2:06  Factory  
  22  2:09  SCV  
  23  2:21  Marine x2, SCV  
  26  2:33  SCV  
  26  2:36  Refinery  
  27  2:40  Marine x2  
  29  2:45  SCV  
  29  2:50  Starport  
  30  2:51  Widow Mine  
  30  2:53  Orbital Command  
  30  2:58  SCV  
  33  2:59  Marine x2  
  35  3:10  SCV  
  36  3:17  Supply Depot  
  36  3:19  Marine x2  
  37  3:22  SCV x2  
  37  3:25  Widow Mine  
  42  3:27  Medivac  
  42  3:33  Supply Depot  
  44  3:34  SCV x2  
  44  3:39  Marine x2  
  48  3:44  Supply Depot  
  48  3:46  SCV  
  48  3:47  SCV  
  50  3:55  Factory Tech Lab  
  50  3:57  Viking  
  50  3:58  SCV  
  50  3:59  SCV  
  54  4:07  Marine x2  
  56  4:21  Liberator, Command Center, Siege Tank  
  59  4:24  SCV x2  
  59  4:29  Supply Depot  
  61  4:31  Marine  
  61  4:32  Marine  
  66  4:42  SCV x2  
  68  4:49  Marine x2  
  70  4:58  SCV x2  
  69  5:05  Siege Tank  
  70  5:07  Marine x2  
  72  5:15  Orbital Command, Barracks  
  72  5:16  Barracks  
  72  5:17  SCV x2  
  72  5:20  Supply Depot  
  74  5:25  Marine x2, Starport Reactor  
  69  5:31  Supply Depot  
  69  5:32  SCV  
  69  5:33  Engineering Bay  
  70  5:36  Engineering Bay  
  70  5:42  SCV  
  71  5:43  Orbital Command  
  71  5:44  SCV  
  71  5:48  Marine x2  
  74  5:55  Factory Reactor  
  74  5:56  SCV  
  75  5:58  SCV  
  75  6:00  Barracks  
  76  6:05  Refinery, Barracks  
  76  6:06  Barracks Tech Lab  
  76  6:07  Refinery  
  76  6:08  SCV  
  77  6:11  Supply Depot  
  77  6:12  Supply Depot  
  77  6:17  Marauder, Stimpack  
  79  6:21  SCV x2  
  81  6:26  Missile Turret  
  81  6:27  Missile Turret  
  81  6:29  Terran Infantry Armor Level 1, Terran Infantry Weapons Level 1  
  81  6:33  Missile Turret  
  81  6:39  Marauder x2, Factory Reactor  
  85  6:40  Marine  
  85  6:41  Marine  
  85  6:44  Orbital Command  
  87  6:48  Supply Depot  
  87  6:50  Supply Depot  
  87  6:51  Barracks Reactor  
  87  6:52  Barracks Tech Lab  
  87  6:56  Supply Depot, SCV x2  
  87  6:58  Medivac  
  91  7:03  Medivac  
  91  7:04  Missile Turret  
  97  7:08  Marauder x2  
  97  7:10  Marauder  
  97  7:11  Marine x2  
  101  7:17  SCV x2  
  101  7:18  SCV  
  104  7:23  Supply Depot, Armory  
  104  7:24  Combat Shields  
  104  7:27  Concussive Shells  
  104  7:29  SCV x2  
  106  7:30  SCV  
  106  7:35  Marauder x2  
  106  7:36  Marauder  
  104  7:37  Marine  
  104  7:41  Marine x3  
  108  7:44  SCV x2  
  108  7:48  SCV  
  111  7:56  Marauder, SCV  
  111  7:57  Marauder x2  
  114  8:01  Medivac x2  
  114  8:02  Widow Mine  
  114  8:04  SCV x2  
  122  8:08  SCV  
  122  8:11  Refinery  
  122  8:12  Supply Depot, Refinery  
  123  8:15  Marine x3  
  121  8:23  Marauder x3  
  126  8:31  Marine  
  126  8:33  Marine x3  
  110  8:44  Marauder x3, Widow Mine  
  110  8:45  Widow Mine  
  116  8:49  Medivac, Marine  
  116  8:51  Medivac, Marine  
  120  8:55  Marine x2  
  120  9:00  SCV  
  120  9:02  Liberator  
  108  9:05  Marine x2, SCV  
  108  9:06  Marauder  
  108  9:07  Marine  
  108  9:08  SCV  
  115  9:15  Marine x2  
  114  9:21  SCV x3  
  114  9:23  Marauder  
  114  9:24  Marauder  
  124  9:25  Marine x2  
  124  9:30  Marauder  
  128  9:44  Marine x2  
  128  9:45  Marauder x2, Marine  
  135  9:52  Marauder  
  137  9:54  Marine  
  137  9:59  Medivac  
  133  10:00  Widow Mine x2  
  133  10:02  Medivac, Marine x2  
  133  10:06  Marauder x2  
  139  10:08  Marine  
  139  10:12  Marine  
  139  10:13  Marauder  
  143  10:20  Marine x2  
  145  10:26  Marine  
  145  10:28  Marauder x2  
  136  10:30  Marine  
Show
View Real Time Build Order
Export as new Build Order

Lilbow Protoss 

Build Orders: 1 Gate Expand 

Get SALT Encoding   

  12  0:01  Probe (Chrono Boost)  
  13  0:11  Probe (Chrono Boost)  
  14  0:16  Pylon  
  14  0:22  Probe (Chrono Boost)  
  15  0:35  Probe (Chrono Boost)  
  16  0:36  Gateway  
  16  0:45  Probe (Chrono Boost)  
  16  0:46  Assimilator  
  17  0:56  Probe (Chrono Boost)  
  18  1:06  Probe (Chrono Boost)  
  19  1:17  Probe (Chrono Boost)  
  20  1:23  Nexus  
  20  1:31  Cybernetics Core  
  20  1:36  Probe (Chrono Boost)  
  20  1:39  Assimilator  
  21  1:46  Probe (Chrono Boost)  
  22  1:49  Pylon  
  22  1:57  Probe (Chrono Boost)  
  23  2:07  Probe (Chrono Boost), Stalker, Warp Gate  
  26  2:18  Probe (Chrono Boost)  
  27  2:28  Probe (Chrono Boost)  
  28  2:30  Robotics Facility  
  28  2:35  Probe (Chrono Boost)  
  29  2:38  Stalker  
  29  2:39  Probe (Chrono Boost)  
  32  2:46  Probe (Chrono Boost)  
  32  2:50  Probe (Chrono Boost)  
  34  2:56  Probe (Chrono Boost)  
  35  3:00  Probe (Chrono Boost)  
  36  3:07  Probe (Chrono Boost)  
  36  3:08  Stalker  
  36  3:10  Assimilator  
  36  3:11  Probe (Chrono Boost)  
  40  3:17  Observer, Probe (Chrono Boost)  
  42  3:21  Probe (Chrono Boost)  
  42  3:24  Pylon  
  43  3:28  Probe (Chrono Boost)  
  43  3:31  Pylon  
  43  3:32  Probe (Chrono Boost)  
  45  3:37  Robotics Bay  
  45  3:38  Probe (Chrono Boost)  
  45  3:40  Stalker  
  46  3:41  Warp Prism (Chrono Boost)  
  46  3:45  Probe  
  51  3:50  Probe  
  51  3:51  Assimilator  
  52  3:58  Mothership Core (Chrono Boost)  
  52  4:02  Probe (Chrono Boost)  
  55  4:11  Pylon  
  55  4:13  Probe (Chrono Boost)  
  55  4:14  Observer (Chrono Boost)  
  57  4:17  Probe (Chrono Boost)  
  57  4:23  Probe (Chrono Boost)  
  59  4:25  Pylon  
  59  4:27  Gravitic Drive  
  59  4:28  Probe  
  60  4:34  Gateway x2, Disruptor (Chrono Boost)  
  60  4:35  Probe  
  64  4:40  Probe  
  65  4:47  Twilight Council  
  65  4:51  Stalker  
  61  5:08  Probe  
  61  5:10  Probe  
  61  5:12  Disruptor (Chrono Boost)  
  66  5:20  Probe  
  67  5:22  Probe  
  68  5:31  Blink (Chrono Boost)  
  68  5:32  Probe  
  68  5:34  Probe  
  70  5:39  Disruptor (Chrono Boost)  
  70  5:40  Nexus  
  70  5:44  Probe  
  70  5:46  Probe  
  70  5:49  Gateway, Stalker  
  77  5:50  Gateway  
  77  5:52  Pylon x2  
  77  5:57  Probe  
  78  6:08  Probe  
  78  6:09  Probe  
  78  6:10  Pylon  
  77  6:19  Stalker  
  77  6:20  Stalker x2  
  83  6:27  Pylon  
  83  6:41  Probe x2  
  83  6:45  Gateway  
  83  6:46  Stalker x4  
  93  6:47  Gateway  
  93  6:50  Pylon  
  93  6:51  Probe  
  93  6:52  Stalker  
  93  6:53  Probe  
  97  6:57  Probe  
  98  7:02  Probe  
  99  7:10  Stalker  
  99  7:11  Stalker x3  
  106  7:42  Pylon  
  103  7:45  Stalker x5  
  113  7:59  Stalker x2  
  113  8:01  Pylon  
  113  8:03  Pylon  
  113  8:04  Pylon  
  117  8:12  Stalker x4  
  123  8:13  Stalker  
  116  8:40  Disruptor  
  106  8:43  Stalker x6  
  106  8:44  Stalker  
  108  9:07  Stalker x3  
  108  9:08  Stalker  
  116  9:10  Stalker x3  
  116  9:15  Probe x2  
  120  9:35  Stalker x6  
  120  9:36  Stalker  
  120  9:37  Probe  
  134  9:38  Probe x2  
  137  9:50  Probe  
  114  10:01  Stalker x5  
  114  10:02  Stalker  
  122  10:07  Zealot  
  121  10:27  Stalker, Zealot x2  
  121  10:28  Stalker x4  

Tags
 
Add a new tag
Caveats
  • Supply blocks, unpowered buildings, or Contaminate may cause inaccurate times.
  • Supply counts are checked every 10 seconds.